Flyers vs Devils (R3)

Created - 14 novembre 2023 at 17:55

Goals
1 2 3 OT1 SO T
Flyers 1 3 0 0 1 5
Devils 0 4 0 0 0 4
Shots
1 2 3 OT1 SO T
Flyers 8 13 5 0 3 26
Devils 12 12 12 0 3 36

GoalsPenalties
1st period
1. Flyers , Bryan Rust 8 (Mikael Granlund 12, Rickard Rakell 7) at 12:41
Drew Doughty (PHI) for Hooking (Minor) at 0:29
Mattias Janmark (PHI) for Hooking (Minor) at 9:21
Rasmus Andersson (PHI) for Kneeing (Minor) at 9:52
Garnet Hathaway (PHI) for Goalie Interference (Minor) at 14:33
2nd period
2. Flyers , Patrick Brown 5 (Garnet Hathaway 5, Rasmus Andersson 4) at 1:52
3. Devils , Filip Chytil 13 (Johnathan Kovacevic 3) at 5:10
4. Devils , Roope Hintz 16 (Eetu Luostarinen 9, Ryan Pulock 6) at 7:32
5. Flyers , Sean Monahan 3 (Rasmus Andersson 5, Anthony Beauvillier 10) at 9:37
6. Devils , Teuvo Teravainen 11 (Gustav Forsling 8) at 18:14
7. Flyers , Anthony Beauvillier 11 (Sean Monahan 11, Tanner Pearson 2) at 18:27
8. Devils , Jesper Bratt 9 (Viktor Arvidsson 10) at 19:21 (PP)
Filip Chytil (NJD) for Holding (Minor) at 10:28
Rasmus Andersson (PHI) for Hooking (Minor) at 15:50
Victor Hedman (NJD) for Fighting (Major) at 18:56
Bryan Rust (PHI) for Fighting (Major) at 18:56
Ryan Pulock (NJD) for Fighting (Major) at 19:11
Jacob Middleton (PHI) for Fighting (Major) at 19:11
Jacob Middleton (PHI) for instigated a fight (Minor) at 19:11
Jacob Middleton (PHI) for instigated a fight (10 Minutes Misconduct) at 19:11
Drew Doughty (PHI) for Delaying the game (Minor) at 19:44
3rd period
No Goal
Garnet Hathaway (PHI) for Hooking (Minor) at 8:03
Overtime #1
No Goal
Shootout
Flyers, Rickard Rakell - Stopped by Elvis Merzlikins
Devils, Jesper Bratt - Shot Misses the Net
Flyers, Victor Olofsson - Stopped by Elvis Merzlikins
Devils, Roope Hintz - Shot Misses the Net
Flyers, Bryan Rust - Goal!
Devils, Logan Couture - Stopped by John Gibson
Goalie Stats
John Gibson (PHI), 32 saves from 36 shots - (0,889), W, 10-19-2, 65:00 minutes
Elvis Merzlikins (NJD), 22 saves from 26 shots - (0,846), OTL, 2-3-2, 65:00 minutes
3 StarsOfficial
1 - Anthony Beauvillier (PHI)
2 - Sean Monahan (PHI)
3 - Gustav Forsling (NJD)
Referees : Peter MacDougall and Cody Beach
Linesman : Doug Krell and Cydnie Rice
Game Note
Bryan Rust beats up Victor Hedman at 18:56 of 2nd period
Jacob Middleton beats up Ryan Pulock at 19:11 of 2nd period
Finance
Level 1 -- Attendance: 4262 (71%) -- Ticket Income $426,200
Level 2 -- Attendance: 3773 (75%) -- Ticket Income $226,380
Level 3 -- Attendance: 2306 (76%) -- Ticket Income $92,240
Level 4 -- Attendance: 2812 (70%) -- Ticket Income $56,240
Luxury Box -- Attendance: 936 (94%) -- Ticket Income $187,200
Game was played at the Continental Airlines Arena.
Total Attendance: 14089 (74%)
Total Ticket Income: $988,260
Other Income: $296,478
Total Income: $1,284,738



Team Name Goals Shots Shots Attemp Shots Blocked PIM HIT PP PK FO%
Flyers 52639636260 / 1 (0%)134%
Devils 43663812231 / 8 (13%)066%

Flyers
Player Name POS G A P +/- PIM HIT SHT SB MP PP MP PP SHT PK MP PK SHT FO% FOT GA TA
Alex ChiassonRW000000004:040:0000:0000% 000
Anthony BeauvillierLW/RW1121055022:360:5702:55033% 300
Bryan RustLW/RW1010512017:490:5700:54050% 210
Drew DoughtyD000-1400118:070:5500:3400% 010
Garnet HathawayLW/RW0110422018:090:0005:23025% 400
Jacob MiddletonD00011710217:200:0005:2300% 000
Mattias JanmarkLW/RW0000232015:430:0003:0600% 100
Mikael GranlundC/RW0110003120:501:0203:01028% 1801
Neal PionkD0001010021:410:5505:1400% 010
Patrick BrownC/RW1010003022:050:0006:53133% 1811
Phil Di GiuseppeLW000000000:000:0000:0000% 000
Quinn HughesD0001000120:021:0403:4200% 011
Rasmus AnderssonD022-1420025:081:0405:3000% 000
Rasmus RistolainenD0001040022:310:0004:4600% 000
Rickard RakellLW/RW0110043117:481:0200:0000% 200
Sean MonahanC/LW/RW1121016019:280:5701:30150% 2010
Tanner PearsonLW0111020016:250:0000:0000% 101
Victor OlofssonLW/RW000000001:021:0200:0000% 100
Devils
Player Name POS G A P +/- PIM HIT SHT SB MP PP MP PP SHT PK MP PK SHT FO% FOT GA TA
Eetu LuostarinenC/LW011-1001015:280:0000:5800% 001
Erik HaulaC/LW0000032116:300:0001:01073% 1100
Filip ChytilC/LW1010203021:216:1600:000100% 200
Gustav ForslingD0111041025:516:4000:5200% 001
Isac LundestromC/LW0001011010:270:0000:000100% 300
Jesper BrattLW/RW1010006022:146:1910:000100% 202
Johnathan KovacevicD011-1012017:131:0700:5200% 000
Logan CoutureC000-1021119:386:1901:01045% 2220
Morgan FrostC000101117:440:0000:00067% 300
Peyton KrebsC/LW000000000:000:0000:0000% 000
Roope HintzC101-1003018:436:1610:58065% 2001
Ryan PulockD011-1511120:313:0301:0700% 000
Teuvo TeravainenLW/RW1010025018:220:0000:000100% 100
Torey KrugD0000020023:146:2600:0000% 000
Tyler SeguinC/RW000-1020018:236:1600:00050% 220
Urho VaakanainenD000-1002212:410:3600:0000% 001
Victor HedmanD0000514224:437:1831:0700% 000
Viktor ArvidssonLW/RW011-1033019:556:1900:000100% 400

Flyers

5 vs 5 Forward
Line #Left WingCenterRight WingPHYDFOFWanted %Time %Time Play
1Bryan RustMikael GranlundRickard Rakell0143737%16:55
2Anthony BeauvillierSean MonahanTanner Pearson0233532%14:21
3Mattias JanmarkPatrick BrownGarnet Hathaway1312327%12:22
4Tanner PearsonPatrick BrownAlex Chiasson14054%1:48
5 vs 5 Defense
Line #DefenseDefensePHYDFOFWanted %Time %Time Play
1Rasmus AnderssonDrew Doughty1223535%16:03
2Quinn HughesJacob Middleton1223536%16:25
3Neal PionkRasmus Ristolainen1223029%12:58
4Rasmus AnderssonQuinn Hughes12200%0:00
Power Play Forward
Line #Left WingCenterRight WingPHYDFOFWanted %Time %Time Play
1Rickard RakellMikael GranlundVictor Olofsson0146052%1:02
2Bryan RustSean MonahanAnthony Beauvillier1134048%0:57
Power Play Defense
Line #DefenseDefensePHYDFOFWanted %Time %Time Play
1Rasmus AnderssonQuinn Hughes0146054%1:04
2Neal PionkDrew Doughty1134046%0:55
Penalty Kill 4 Players Forward
Line #CenterWingPHYDFOFWanted %Time %Time Play
1Patrick BrownGarnet Hathaway1406071%7:51
2Mikael GranlundMattias Janmark1404029%3:16
Penalty Kill 4 Players Defense
Line #DefenseDefensePHYDFOFWanted %Time %Time Play
1Rasmus AnderssonJacob Middleton1316064%7:06
2Rasmus RistolainenQuinn Hughes1314036%4:01
Penalty Kill 3 Players
Line #WingPHYDFOFWanted %Time %Time PlayDefenseDefensePHYDFOFWanted %Time %Time Play
1Garnet Hathaway1406081%1:11 Rasmus AnderssonJacob Middleton1316084%1:14
2Mattias Janmark1404019%0:17 Drew DoughtyRasmus Ristolainen1314016%0:14
4 vs 4 Forward
Line #CenterWingPHYDFOFWanted %Time %Time Play
1Mikael GranlundRickard Rakell122500%0:00
2Sean MonahanVictor Olofsson122500%0:00
4 vs 4 Defense
Line #DefensePHYDFOFWanted %Time %Time Play
1Rasmus AnderssonDrew Doughty122500%0:00
2Quinn HughesRasmus Ristolainen122500%0:00
Last Minutes Offensive
Left WingCenterRight WingDefenseDefense
Tanner PearsonRickard RakellVictor OlofssonRasmus AnderssonQuinn Hughes
Last Minutes Defensive
Left WingCenterRight WingDefenseDefense
Mattias JanmarkBryan RustGarnet HathawayQuinn HughesJacob Middleton
Time
Total ForwardTotal DefenseLast Minutes OffensiveLast Minutes Defensive
60:00 60:00 0:000:00
Extra Forwards
Normal PowerPlayPenalty Kill
Anthony Beauvillier, Tanner Pearson, Alex ChiassonAnthony Beauvillier, Tanner PearsonPatrick Brown
Extra Defensemen
Normal PowerPlayPenalty Kill
Rasmus Ristolainen, Neal Pionk, Jacob MiddletonNeal Pionk, Rasmus AnderssonNeal Pionk
Penalty Shots
Rickard Rakell, Victor Olofsson, Bryan Rust, Anthony Beauvillier, Garnet Hathaway
Goalie
John Gibson, Felix Sandstrom
Scratches
None

Devils

5 vs 5 Forward
Line #Left WingCenterRight WingPHYDFOFWanted %Time %Time Play
1Teuvo TeravainenLogan CoutureViktor Arvidsson0232827%12:20
2Eetu LuostarinenRoope HintzTyler Seguin0232826%11:42
3Filip ChytilErik HaulaJesper Bratt0232830%13:40
4Isac LundestromMorgan FrostTeuvo Teravainen0231617%7:44
5 vs 5 Defense
Line #DefenseDefensePHYDFOFWanted %Time %Time Play
1Victor HedmanRyan Pulock0324042%19:17
2Gustav ForslingTorey Krug0323535%15:57
3Urho VaakanainenJohnathan Kovacevic0322522%10:12
4Victor HedmanRyan Pulock03200%0:00
Power Play Forward
Line #Left WingCenterRight WingPHYDFOFWanted %Time %Time Play
1Filip ChytilRoope HintzTyler Seguin0055050%6:16
2Jesper BrattLogan CoutureViktor Arvidsson0055050%6:19
Power Play Defense
Line #DefenseDefensePHYDFOFWanted %Time %Time Play
1Torey KrugVictor Hedman0055051%6:26
2Gustav ForslingVictor Hedman0055049%6:09
Penalty Kill 4 Players Forward
Line #CenterWingPHYDFOFWanted %Time %Time Play
1Logan CoutureErik Haula0505051%1:01
2Roope HintzEetu Luostarinen0055049%0:58
Penalty Kill 4 Players Defense
Line #DefenseDefensePHYDFOFWanted %Time %Time Play
1Victor HedmanRyan Pulock0505056%1:07
2Gustav ForslingJohnathan Kovacevic0505044%0:52
Penalty Kill 3 Players
Line #WingPHYDFOFWanted %Time %Time PlayDefenseDefensePHYDFOFWanted %Time %Time Play
1Erik Haula050500%0:00 Victor HedmanRyan Pulock050500%0:00
2Eetu Luostarinen050500%0:00 Gustav ForslingJohnathan Kovacevic050500%0:00
4 vs 4 Forward
Line #CenterWingPHYDFOFWanted %Time %Time Play
1Logan CoutureViktor Arvidsson023500%0:00
2Roope HintzTyler Seguin023500%0:00
4 vs 4 Defense
Line #DefensePHYDFOFWanted %Time %Time Play
1Victor HedmanRyan Pulock032500%0:00
2Gustav ForslingTorey Krug032500%0:00
Last Minutes Offensive
Left WingCenterRight WingDefenseDefense
Jesper BrattLogan CoutureViktor ArvidssonVictor HedmanTorey Krug
Last Minutes Defensive
Left WingCenterRight WingDefenseDefense
Eetu LuostarinenErik HaulaTeuvo TeravainenVictor HedmanRyan Pulock
Time
Total ForwardTotal DefenseLast Minutes OffensiveLast Minutes Defensive
60:00 60:00 0:000:00
Extra Forwards
Normal PowerPlayPenalty Kill
Tyler Seguin, Teuvo Teravainen, Jesper BrattTeuvo Teravainen, Eetu LuostarinenTeuvo Teravainen
Extra Defensemen
Normal PowerPlayPenalty Kill
Torey Krug, Victor Hedman, Johnathan KovacevicRyan Pulock, Torey KrugUrho Vaakanainen
Penalty Shots
Jesper Bratt, Roope Hintz, Logan Couture, Tyler Seguin, Viktor Arvidsson
Goalie
Elvis Merzlikins, Stuart Skinner
Scratches
Henri Jokiharju (Back Injury)


Play-by-Play

1st period


0:01 of 1st period - Mikael Granlund wins face-off versus Logan Couture in neutral zone.
0:06 of 1st period - Slapshot by Mikael Granlund.
0:06 of 1st period - Stopped by Elvis Merzlikins without a rebound.
0:07 of 1st period - Logan Couture wins face-off versus Mikael Granlund in Devils zone.
0:07 of 1st period - Logan Couture is hit by Rickard Rakell.
0:29 of 1st period - Minor Penalty to Drew Doughty for Hooking.
0:30 of 1st period - Roope Hintz wins face-off versus Patrick Brown in Flyers zone.
2:29 of 1st period - Penalty to Drew Doughty is over, Drew Doughty is back on ice.
2:32 of 1st period - Garnet Hathaway is hit by Morgan Frost and loses puck.
3:16 of 1st period - Tanner Pearson is hit by Torey Krug and loses puck.
4:01 of 1st period - Snap shot by Anthony Beauvillier.
4:01 of 1st period - Shot Blocked by Logan Couture.
4:17 of 1st period - Eetu Luostarinen is hit by Rasmus Andersson.
4:37 of 1st period - Morgan Frost is hit by Rickard Rakell and loses puck.
5:37 of 1st period - Jacob Middleton is hit by Teuvo Teravainen and loses puck.
6:27 of 1st period - Icing by Mikael Granlund.
6:28 of 1st period - Mikael Granlund wins face-off versus Logan Couture in Flyers zone.
8:01 of 1st period - Urho Vaakanainen is hit by Anthony Beauvillier and loses puck.
8:24 of 1st period - Rickard Rakell is hit by Erik Haula and loses puck.
9:03 of 1st period - Snap shot by Teuvo Teravainen.
9:03 of 1st period - Stopped by John Gibson without a rebound.
9:04 of 1st period - Sean Monahan wins face-off versus Logan Couture in Flyers zone.
9:04 of 1st period - Sean Monahan is hit by Ryan Pulock.
9:21 of 1st period - Minor Penalty to Mattias Janmark for Hooking.
9:22 of 1st period - Patrick Brown wins face-off versus Logan Couture in Flyers zone.
9:30 of 1st period - Rasmus Andersson is hit by Viktor Arvidsson and loses puck.
9:52 of 1st period - Minor Penalty to Rasmus Andersson for Kneeing.
9:53 of 1st period - Roope Hintz wins face-off versus Garnet Hathaway in Flyers zone.
10:00 of 1st period - Wrist shot by Tyler Seguin.
10:00 of 1st period - Shot Blocked by Jacob Middleton.
10:02 of 1st period - Snap shot by Victor Hedman.
10:02 of 1st period - Stopped by John Gibson without a rebound.
10:03 of 1st period - Roope Hintz wins face-off versus Garnet Hathaway in Flyers zone.
10:08 of 1st period - Snap shot by Roope Hintz.
10:08 of 1st period - Stopped by John Gibson without a rebound.
10:09 of 1st period - Garnet Hathaway wins face-off versus Tyler Seguin in Flyers zone.
10:45 of 1st period - Snap shot by Gustav Forsling.
10:45 of 1st period - Shot Misses the Net.
10:47 of 1st period - Snap shot by Victor Hedman.
10:47 of 1st period - Stopped by John Gibson without a rebound.
10:48 of 1st period - Patrick Brown wins face-off versus Roope Hintz in Flyers zone.
10:53 of 1st period - Wrist shot by Patrick Brown.
10:53 of 1st period - Stopped by Elvis Merzlikins without a rebound.
10:54 of 1st period - Roope Hintz wins face-off versus Garnet Hathaway in Devils zone.
11:21 of 1st period - Penalty to Mattias Janmark is over, Mattias Janmark is back on ice.
11:29 of 1st period - Snap shot by Victor Hedman.
11:29 of 1st period - Stopped by John Gibson with a rebound.
11:31 of 1st period - Slapshot by Victor Hedman.
11:31 of 1st period - Shot Misses the Net.
11:52 of 1st period - Penalty to Rasmus Andersson is over, Rasmus Andersson is back on ice.
12:02 of 1st period - Ryan Pulock is hit by Jacob Middleton and loses puck.
12:11 of 1st period - Snap shot by Patrick Brown.
12:11 of 1st period - Stopped by Elvis Merzlikins without a rebound.
12:12 of 1st period - Roope Hintz wins face-off versus Sean Monahan in Devils zone.
12:25 of 1st period - Wrist shot by Eetu Luostarinen.
12:25 of 1st period - Stopped by John Gibson with a rebound.
12:27 of 1st period - Snap shot by Johnathan Kovacevic.
12:27 of 1st period - Stopped by John Gibson without a rebound.
12:28 of 1st period - Mikael Granlund wins face-off versus Erik Haula in Flyers zone.
12:37 of 1st period - Snap shot by Bryan Rust.
12:37 of 1st period - Shot Misses the Net.
12:39 of 1st period - Snap shot by Rickard Rakell.
12:39 of 1st period - Shot Misses the Net.
12:41 of 1st period - Snap shot by Mikael Granlund.
12:41 of 1st period - Deflect By Bryan Rust.
12:41 of 1st period - Goal by Bryan Rust - Flyers : 1 - Devils : 0.
12:42 of 1st period - Viktor Arvidsson wins face-off versus Sean Monahan in neutral zone.
12:49 of 1st period - Logan Couture is hit by Anthony Beauvillier and loses puck.
12:55 of 1st period - Icing by Ryan Pulock.
12:56 of 1st period - Teuvo Teravainen wins face-off versus Tanner Pearson in Devils zone.
12:56 of 1st period - Teuvo Teravainen is hit by Tanner Pearson.
13:02 of 1st period - Jacob Middleton is hit by Viktor Arvidsson and loses puck.
13:11 of 1st period - Slapshot by Anthony Beauvillier.
13:11 of 1st period - Stopped by Elvis Merzlikins without a rebound.
13:12 of 1st period - Bryan Rust wins face-off versus Erik Haula in Devils zone.
13:50 of 1st period - Snap shot by Roope Hintz.
13:50 of 1st period - Deflect By Anthony Beauvillier.
13:50 of 1st period - Stopped by John Gibson with a rebound.
13:53 of 1st period - Icing by Neal Pionk.
13:54 of 1st period - Erik Haula wins face-off versus Anthony Beauvillier in Flyers zone.
14:09 of 1st period - Wrist shot by Jesper Bratt.
14:09 of 1st period - Deflect By Filip Chytil.
14:09 of 1st period - Shot Misses the Net.
14:09 of 1st period - Puck is out of play.
14:10 of 1st period - Logan Couture wins face-off versus Patrick Brown in Flyers zone.
14:27 of 1st period - Wrist shot by Viktor Arvidsson.
14:27 of 1st period - Shot Blocked by Quinn Hughes.
14:33 of 1st period - Minor Penalty to Garnet Hathaway for Goalie Interference.
14:34 of 1st period - Patrick Brown wins face-off versus Logan Couture in Flyers zone.
15:01 of 1st period - Patrick Brown is hit by Torey Krug and loses puck.
15:28 of 1st period - Wrist shot by Sean Monahan.
15:28 of 1st period - Stopped by Elvis Merzlikins without a rebound.
15:29 of 1st period - Jesper Bratt wins face-off versus Sean Monahan in Devils zone.
15:44 of 1st period - Anthony Beauvillier is hit by Gustav Forsling and loses puck.
16:33 of 1st period - Penalty to Garnet Hathaway is over, Garnet Hathaway is back on ice.
16:45 of 1st period - Off-side.
16:46 of 1st period - Morgan Frost wins face-off versus Mikael Granlund in neutral zone.
16:46 of 1st period - Morgan Frost is hit by Rickard Rakell.
17:17 of 1st period - Icing by Johnathan Kovacevic.
17:18 of 1st period - Sean Monahan wins face-off versus Morgan Frost in Devils zone.
17:21 of 1st period - Slapshot by Anthony Beauvillier.
17:21 of 1st period - Shot Blocked by Morgan Frost.
17:35 of 1st period - Snap shot by Morgan Frost.
17:35 of 1st period - Stopped by John Gibson without a rebound.
17:36 of 1st period - Jesper Bratt wins face-off versus Rickard Rakell in Flyers zone.
17:47 of 1st period - Wrist shot by Erik Haula.
17:47 of 1st period - Stopped by John Gibson without a rebound.
17:48 of 1st period - Sean Monahan wins face-off versus Roope Hintz in Flyers zone.
18:26 of 1st period - Backhand shot by Bryan Rust.
18:26 of 1st period - Stopped by Elvis Merzlikins with a rebound.
18:51 of 1st period - Snap shot by Jesper Bratt.
18:51 of 1st period - Stopped by John Gibson with a rebound.
19:00 of 1st period - Off-side.
19:01 of 1st period - Roope Hintz wins face-off versus Sean Monahan in neutral zone.
19:08 of 1st period - Wrist shot by Roope Hintz.
19:08 of 1st period - Shot Misses the Net.
19:10 of 1st period - Snap shot by Gustav Forsling.
19:10 of 1st period - Stopped by John Gibson without a rebound.
19:11 of 1st period - Sean Monahan wins face-off versus Logan Couture in Flyers zone.
19:28 of 1st period - Wrist shot by Viktor Arvidsson.
19:28 of 1st period - Shot Misses the Net.
19:46 of 1st period - Snap shot by Rickard Rakell.
19:46 of 1st period - Stopped by Elvis Merzlikins without a rebound.
19:47 of 1st period - Roope Hintz wins face-off versus Mikael Granlund in Devils zone.
Goals for this period are 1 for Flyers vs 0 for Devils.
Shots for this period are 8 for Flyers vs 12 for Devils.

2nd period


0:01 of 2nd period - Erik Haula wins face-off versus Sean Monahan in neutral zone.
0:04 of 2nd period - Tanner Pearson is hit by Gustav Forsling.
0:26 of 2nd period - Bryan Rust is hit by Viktor Arvidsson and loses puck.
0:46 of 2nd period - Patrick Brown is hit by Tyler Seguin and loses puck.
1:20 of 2nd period - Morgan Frost is hit by Anthony Beauvillier and loses puck.
1:36 of 2nd period - Wrist shot by Filip Chytil.
1:36 of 2nd period - Stopped by John Gibson with a rebound.
1:38 of 2nd period - Slapshot by Ryan Pulock.
1:38 of 2nd period - Stopped by John Gibson without a rebound.
1:39 of 2nd period - Roope Hintz wins face-off versus Patrick Brown in Flyers zone.
1:50 of 2nd period - Backhand shot by Garnet Hathaway.
1:50 of 2nd period - Shot Blocked by Urho Vaakanainen.
1:52 of 2nd period - Wrist shot by Patrick Brown.
1:52 of 2nd period - Goal by Patrick Brown - Flyers : 2 - Devils : 0.
1:53 of 2nd period - Logan Couture wins face-off versus Anthony Beauvillier in neutral zone.
2:04 of 2nd period - Snap shot by Teuvo Teravainen.
2:04 of 2nd period - Stopped by John Gibson with a rebound.
2:06 of 2nd period - Snap shot by Viktor Arvidsson.
2:06 of 2nd period - Shot Hit the Post.
2:21 of 2nd period - Icing by Rasmus Ristolainen.
2:22 of 2nd period - Filip Chytil wins face-off versus Mikael Granlund in Flyers zone.
2:56 of 2nd period - Slapshot by Sean Monahan.
2:56 of 2nd period - Stopped by Elvis Merzlikins with a rebound.
3:14 of 2nd period - Wrist shot by Mattias Janmark.
3:14 of 2nd period - Stopped by Elvis Merzlikins without a rebound.
3:15 of 2nd period - Patrick Brown wins face-off versus Roope Hintz in Devils zone.
3:26 of 2nd period - Wrist shot by Garnet Hathaway.
3:26 of 2nd period - Stopped by Elvis Merzlikins with a rebound.
3:28 of 2nd period - Snap shot by Mattias Janmark.
3:28 of 2nd period - Deflect By Roope Hintz.
3:28 of 2nd period - Stopped by Elvis Merzlikins without a rebound.
3:29 of 2nd period - Mikael Granlund wins face-off versus Logan Couture in Devils zone.
5:10 of 2nd period - Wrist shot by Filip Chytil.
5:10 of 2nd period - Goal by Filip Chytil - Flyers : 2 - Devils : 1.
5:11 of 2nd period - Logan Couture wins face-off versus Mikael Granlund in neutral zone.
5:18 of 2nd period - Slapshot by Viktor Arvidsson.
5:18 of 2nd period - Shot Misses the Net.
5:20 of 2nd period - Snap shot by Logan Couture.
5:20 of 2nd period - Shot Misses the Net.
5:48 of 2nd period - Wrist shot by Anthony Beauvillier.
5:48 of 2nd period - Stopped by Elvis Merzlikins with a rebound.
5:50 of 2nd period - Snap shot by Tanner Pearson.
5:50 of 2nd period - Deflect By Sean Monahan.
5:50 of 2nd period - Stopped by Elvis Merzlikins without a rebound.
5:51 of 2nd period - Tyler Seguin wins face-off versus Mattias Janmark in Devils zone.
5:51 of 2nd period - Tyler Seguin is hit by Garnet Hathaway.
6:58 of 2nd period - Ryan Pulock is hit by Mattias Janmark and loses puck.
7:32 of 2nd period - Snap shot by Roope Hintz.
7:32 of 2nd period - Goal by Roope Hintz - Flyers : 2 - Devils : 2.
7:33 of 2nd period - Erik Haula wins face-off versus Mikael Granlund in neutral zone.
7:46 of 2nd period - Slapshot by Rickard Rakell.
7:46 of 2nd period - Deflect By Mikael Granlund.
7:46 of 2nd period - Shot Blocked by Victor Hedman.
7:46 of 2nd period - Puck is out of play.
7:47 of 2nd period - Sean Monahan wins face-off versus Logan Couture in Devils zone.
7:58 of 2nd period - Slapshot by Viktor Arvidsson.
7:58 of 2nd period - Stopped by John Gibson without a rebound.
7:59 of 2nd period - Erik Haula wins face-off versus Mikael Granlund in Flyers zone.
8:04 of 2nd period - Backhand shot by Filip Chytil.
8:04 of 2nd period - Shot Blocked by Jacob Middleton.
8:06 of 2nd period - Wrist shot by Filip Chytil.
8:06 of 2nd period - Stopped by John Gibson without a rebound.
8:07 of 2nd period - Erik Haula wins face-off versus Bryan Rust in Flyers zone.
8:52 of 2nd period - Snap shot by Mikael Granlund.
8:52 of 2nd period - Stopped by Elvis Merzlikins without a rebound.
8:53 of 2nd period - Sean Monahan wins face-off versus Roope Hintz in Devils zone.
8:59 of 2nd period - Icing by Roope Hintz.
9:00 of 2nd period - Sean Monahan wins face-off versus Roope Hintz in Devils zone.
9:01 of 2nd period - Wrist shot by Anthony Beauvillier.
9:01 of 2nd period - Shot Blocked by Victor Hedman.
9:05 of 2nd period - Snap shot by Anthony Beauvillier.
9:05 of 2nd period - Shot Misses the Net.
9:31 of 2nd period - Snap shot by Anthony Beauvillier.
9:31 of 2nd period - Shot Blocked by Ryan Pulock.
9:33 of 2nd period - Slapshot by Rasmus Andersson.
9:33 of 2nd period - Shot Misses the Net.
9:35 of 2nd period - Slapshot by Sean Monahan.
9:35 of 2nd period - Stopped by Elvis Merzlikins with a rebound.
9:37 of 2nd period - Wrist shot by Sean Monahan.
9:37 of 2nd period - Goal by Sean Monahan - Flyers : 3 - Devils : 2.
9:38 of 2nd period - Patrick Brown wins face-off versus Logan Couture in neutral zone.
10:04 of 2nd period - Tyler Seguin is hit by Rasmus Ristolainen and loses puck.
10:11 of 2nd period - Slapshot by Rickard Rakell.
10:11 of 2nd period - Stopped by Elvis Merzlikins with a rebound.
10:28 of 2nd period - Minor Penalty to Filip Chytil for Holding.
10:29 of 2nd period - Logan Couture wins face-off versus Victor Olofsson in Devils zone.
12:28 of 2nd period - Penalty to Filip Chytil is over, Filip Chytil is back on ice.
12:34 of 2nd period - Johnathan Kovacevic is hit by Mattias Janmark and loses puck.
12:45 of 2nd period - Jacob Middleton is hit by Gustav Forsling and loses puck.
13:11 of 2nd period - Torey Krug is hit by Rasmus Ristolainen.
13:28 of 2nd period - Eetu Luostarinen is hit by Neal Pionk.
14:33 of 2nd period - Rickard Rakell is hit by Logan Couture and loses puck.
15:30 of 2nd period - Off-side.
15:31 of 2nd period - Roope Hintz wins face-off versus Mikael Granlund in neutral zone.
15:50 of 2nd period - Minor Penalty to Rasmus Andersson for Hooking.
15:51 of 2nd period - Roope Hintz wins face-off versus Patrick Brown in Flyers zone.
16:36 of 2nd period - Victor Hedman is hit by Rasmus Ristolainen and loses puck.
16:49 of 2nd period - Snap shot by Tyler Seguin.
16:49 of 2nd period - Shot Misses the Net.
17:18 of 2nd period - Jesper Bratt is hit by Anthony Beauvillier and loses puck.
17:50 of 2nd period - Penalty to Rasmus Andersson is over, Rasmus Andersson is back on ice.
17:51 of 2nd period - Jesper Bratt is hit by Rasmus Ristolainen.
18:00 of 2nd period - Icing by Isac Lundestrom.
18:01 of 2nd period - Morgan Frost wins face-off versus Mikael Granlund in Devils zone.
18:01 of 2nd period - Morgan Frost is hit by Bryan Rust.
18:14 of 2nd period - Snap shot by Teuvo Teravainen.
18:14 of 2nd period - Goal by Teuvo Teravainen - Flyers : 3 - Devils : 3.
18:15 of 2nd period - Sean Monahan wins face-off versus Logan Couture in neutral zone.
18:25 of 2nd period - Slapshot by Sean Monahan.
18:25 of 2nd period - Stopped by Elvis Merzlikins with a rebound.
18:27 of 2nd period - Snap shot by Anthony Beauvillier.
18:27 of 2nd period - Goal by Anthony Beauvillier - Flyers : 4 - Devils : 3.
18:28 of 2nd period - Sean Monahan wins face-off versus Logan Couture in neutral zone.
18:28 of 2nd period - Jacob Middleton is hit by Victor Hedman and loses puck.
18:43 of 2nd period - Wrist shot by Logan Couture.
18:43 of 2nd period - Shot Misses the Net.
18:45 of 2nd period - Wrist shot by Viktor Arvidsson.
18:45 of 2nd period - Stopped by John Gibson without a rebound.
18:46 of 2nd period - Mikael Granlund wins face-off versus Erik Haula in Flyers zone.
18:51 of 2nd period - Wrist shot by Erik Haula.
18:51 of 2nd period - Stopped by John Gibson with a rebound.
18:53 of 2nd period - Backhand shot by Filip Chytil.
18:53 of 2nd period - Shot Misses the Net.
18:55 of 2nd period - Slapshot by Victor Hedman.
18:55 of 2nd period - Shot Misses the Net.
18:56 of 2nd period - Bryan Rust beats up Victor Hedman.
18:56 of 2nd period - Penalty to Victor Hedman for Fighting.
18:56 of 2nd period - Penalty to Bryan Rust for Fighting.
18:57 of 2nd period - Logan Couture wins face-off versus Sean Monahan in Flyers zone.
19:11 of 2nd period - Jacob Middleton beats up Ryan Pulock.
19:11 of 2nd period - Penalty to Ryan Pulock for Fighting.
19:11 of 2nd period - Penalty to Jacob Middleton for Fighting.
19:11 of 2nd period - Penalty to Jacob Middleton for instigated a fight.
19:11 of 2nd period - Penalty to Jacob Middleton for instigated a fight.
19:12 of 2nd period - Viktor Arvidsson wins face-off versus Patrick Brown in Flyers zone.
19:21 of 2nd period - Wrist shot by Jesper Bratt.
19:21 of 2nd period - Goal by Jesper Bratt - Flyers : 4 - Devils : 4.
19:22 of 2nd period - Logan Couture wins face-off versus Mikael Granlund in neutral zone.
19:27 of 2nd period - Slapshot by Johnathan Kovacevic.
19:27 of 2nd period - Stopped by John Gibson with a rebound.
19:44 of 2nd period - Minor Penalty to Drew Doughty for Delaying the game.
19:45 of 2nd period - Roope Hintz wins face-off versus Patrick Brown in Flyers zone.
19:45 of 2nd period - Slapshot by Tyler Seguin.
19:45 of 2nd period - Shot Hit the Post.
Goals for this period are 3 for Flyers vs 4 for Devils.
Shots for this period are 13 for Flyers vs 12 for Devils.

3rd period


0:01 of 3rd period - Viktor Arvidsson wins face-off versus Patrick Brown in neutral zone.
1:03 of 3rd period - Wrist shot by Mikael Granlund.
1:03 of 3rd period - Shot Misses the Net.
1:27 of 3rd period - Torey Krug is hit by Rasmus Andersson and loses puck.
1:44 of 3rd period - Penalty to Drew Doughty is over, Drew Doughty is back on ice.
1:56 of 3rd period - Morgan Frost is hit by Sean Monahan and loses puck.
2:05 of 3rd period - Rasmus Ristolainen is hit by Isac Lundestrom.
2:51 of 3rd period - Torey Krug is hit by Garnet Hathaway and loses puck.
3:08 of 3rd period - Snap shot by Logan Couture.
3:08 of 3rd period - Stopped by John Gibson without a rebound.
3:09 of 3rd period - Viktor Arvidsson wins face-off versus Rickard Rakell in Flyers zone.
3:18 of 3rd period - Slapshot by Teuvo Teravainen.
3:18 of 3rd period - Stopped by John Gibson without a rebound.
3:19 of 3rd period - Patrick Brown wins face-off versus Roope Hintz in Flyers zone.
4:16 of 3rd period - Snap shot by Rickard Rakell.
4:16 of 3rd period - Stopped by Elvis Merzlikins with a rebound.
5:08 of 3rd period - Snap shot by Anthony Beauvillier.
5:08 of 3rd period - Stopped by Elvis Merzlikins without a rebound.
5:09 of 3rd period - Logan Couture wins face-off versus Sean Monahan in Devils zone.
5:09 of 3rd period - Logan Couture is hit by Anthony Beauvillier.
5:21 of 3rd period - Slapshot by Viktor Arvidsson.
5:21 of 3rd period - Stopped by John Gibson without a rebound.
5:22 of 3rd period - Erik Haula wins face-off versus Sean Monahan in Flyers zone.
5:49 of 3rd period - Rasmus Ristolainen is hit by Tyler Seguin and loses puck.
6:00 of 3rd period - Victor Hedman is hit by Rickard Rakell and loses puck.
7:44 of 3rd period - Rasmus Andersson is hit by Logan Couture and loses puck.
8:03 of 3rd period - Minor Penalty to Garnet Hathaway for Hooking.
8:04 of 3rd period - Anthony Beauvillier wins face-off versus Roope Hintz in Flyers zone.
8:52 of 3rd period - Filip Chytil is hit by Mattias Janmark and loses puck.
10:03 of 3rd period - Penalty to Garnet Hathaway is over, Garnet Hathaway is back on ice.
11:12 of 3rd period - Logan Couture is hit by Tanner Pearson and loses puck.
12:25 of 3rd period - Patrick Brown is hit by Erik Haula and loses puck.
12:46 of 3rd period - Anthony Beauvillier is hit by Teuvo Teravainen and loses puck.
12:56 of 3rd period - Icing by Viktor Arvidsson.
12:57 of 3rd period - Roope Hintz wins face-off versus Mikael Granlund in Devils zone.
13:02 of 3rd period - Slapshot by Johnathan Kovacevic.
13:02 of 3rd period - Deflect By Tyler Seguin.
13:02 of 3rd period - Shot Blocked by Rickard Rakell.
13:02 of 3rd period - Puck is out of play.
13:03 of 3rd period - Roope Hintz wins face-off versus Mikael Granlund in Flyers zone.
13:12 of 3rd period - Wrist shot by Mikael Granlund.
13:12 of 3rd period - Stopped by Elvis Merzlikins without a rebound.
13:13 of 3rd period - Sean Monahan wins face-off versus Logan Couture in Devils zone.
13:30 of 3rd period - Wrist shot by Viktor Arvidsson.
13:30 of 3rd period - Shot Misses the Net.
13:40 of 3rd period - Rasmus Andersson is hit by Erik Haula and loses puck.
13:45 of 3rd period - Slapshot by Erik Haula.
13:45 of 3rd period - Deflect By Jesper Bratt.
13:45 of 3rd period - Stopped by John Gibson with a rebound.
13:47 of 3rd period - Wrist shot by Jesper Bratt.
13:47 of 3rd period - Stopped by John Gibson with a rebound.
13:49 of 3rd period - Snap shot by Urho Vaakanainen.
13:49 of 3rd period - Stopped by John Gibson with a rebound.
13:51 of 3rd period - Snap shot by Filip Chytil.
13:51 of 3rd period - Shot Blocked by Drew Doughty.
14:07 of 3rd period - Mattias Janmark is hit by Johnathan Kovacevic and loses puck.
14:11 of 3rd period - 10 Minutes Misconduct Penalty to Jacob Middleton is over.
14:22 of 3rd period - Wrist shot by Anthony Beauvillier.
14:22 of 3rd period - Shot Blocked by Urho Vaakanainen.
14:24 of 3rd period - Wrist shot by Anthony Beauvillier.
14:24 of 3rd period - Stopped by Elvis Merzlikins without a rebound.
14:25 of 3rd period - Logan Couture wins face-off versus Sean Monahan in Devils zone.
14:29 of 3rd period - Off-side.
14:30 of 3rd period - Logan Couture wins face-off versus Sean Monahan in neutral zone.
14:59 of 3rd period - Wrist shot by Filip Chytil.
14:59 of 3rd period - Shot Misses the Net.
15:01 of 3rd period - Wrist shot by Jesper Bratt.
15:01 of 3rd period - Shot Misses the Net.
15:03 of 3rd period - Wrist shot by Filip Chytil.
15:03 of 3rd period - Shot Blocked by Mikael Granlund.
15:05 of 3rd period - Snap shot by Jesper Bratt.
15:05 of 3rd period - Stopped by John Gibson without a rebound.
15:06 of 3rd period - Filip Chytil wins face-off versus Patrick Brown in Flyers zone.
15:09 of 3rd period - Wrist shot by Jesper Bratt.
15:09 of 3rd period - Shot Misses the Net.
15:40 of 3rd period - Slapshot by Isac Lundestrom.
15:40 of 3rd period - Stopped by John Gibson with a rebound.
15:42 of 3rd period - Slapshot by Urho Vaakanainen.
15:42 of 3rd period - Stopped by John Gibson without a rebound.
15:43 of 3rd period - Erik Haula wins face-off versus Patrick Brown in Flyers zone.
15:44 of 3rd period - Snap shot by Jesper Bratt.
15:44 of 3rd period - Shot Misses the Net.
15:47 of 3rd period - Icing by Patrick Brown.
15:48 of 3rd period - Erik Haula wins face-off versus Patrick Brown in Flyers zone.
17:05 of 3rd period - Snap shot by Jesper Bratt.
17:05 of 3rd period - Shot Misses the Net.
17:13 of 3rd period - Snap shot by Garnet Hathaway.
17:13 of 3rd period - Shot Blocked by Erik Haula.
17:41 of 3rd period - Slapshot by Jesper Bratt.
17:41 of 3rd period - Stopped by John Gibson with a rebound.
17:54 of 3rd period - Wrist shot by Garnet Hathaway.
17:54 of 3rd period - Stopped by Elvis Merzlikins without a rebound.
17:55 of 3rd period - Isac Lundestrom wins face-off versus Mikael Granlund in Devils zone.
18:10 of 3rd period - Wrist shot by Morgan Frost.
18:10 of 3rd period - Deflect By Teuvo Teravainen.
18:10 of 3rd period - Stopped by John Gibson with a rebound.
18:12 of 3rd period - Slapshot by Victor Hedman.
18:12 of 3rd period - Stopped by John Gibson with a rebound.
Goals for this period are 0 for Flyers vs 0 for Devils.
Shots for this period are 5 for Flyers vs 12 for Devils.

Overtime #1


0:01 of 1st overtime period - Isac Lundestrom wins face-off versus Patrick Brown in neutral zone.
0:08 of 1st overtime period - Slapshot by Gustav Forsling.
0:08 of 1st overtime period - Shot Misses the Net.
0:10 of 1st overtime period - Snap shot by Gustav Forsling.
0:10 of 1st overtime period - Shot Misses the Net.
0:41 of 1st overtime period - Icing by Anthony Beauvillier.
0:42 of 1st overtime period - Isac Lundestrom wins face-off versus Patrick Brown in Flyers zone.
2:29 of 1st overtime period - Rasmus Ristolainen is hit by Gustav Forsling and loses puck.
Goals for this period are 0 for Flyers vs 0 for Devils.
Shots for this period are 0 for Flyers vs 0 for Devils.

ShootOut


5:00 of 1st overtime period - Round #1.
5:00 of 1st overtime period - Flyers, Rickard Rakell.
5:00 of 1st overtime period - Wrist shot by Rickard Rakell.
5:00 of 1st overtime period - Stopped by Elvis Merzlikins.
5:00 of 1st overtime period - Devils, Jesper Bratt.
5:00 of 1st overtime period - Snap shot by Jesper Bratt.
5:00 of 1st overtime period - Shot Misses the Net.
5:00 of 1st overtime period - Round #2.
5:00 of 1st overtime period - Flyers, Victor Olofsson.
5:00 of 1st overtime period - Snap shot by Victor Olofsson.
5:00 of 1st overtime period - Stopped by Elvis Merzlikins.
5:00 of 1st overtime period - Devils, Roope Hintz.
5:00 of 1st overtime period - Snap shot by Roope Hintz.
5:00 of 1st overtime period - Shot Misses the Net.
5:00 of 1st overtime period - Round #3.
5:00 of 1st overtime period - Flyers, Bryan Rust.
5:00 of 1st overtime period - Snap shot by Bryan Rust.
5:00 of 1st overtime period - Goal by Bryan Rust.
5:00 of 1st overtime period - Devils, Logan Couture.
5:00 of 1st overtime period - Wrist shot by Logan Couture.
5:00 of 1st overtime period - Stopped by John Gibson.